AoeStats
← Mommy ;D

Arabia

508018678Analyzed
2v2 RM · 13d ago on Sep 20, 2026· 24m 13s· 4 players
Game mode
Random Map
Map size
Medium (4 player)
Population
200
Speed
Normal
Resources
Standard
Victory
Conquest
Starting age
Dark Age
Ending age
Imperial Age
RankedLock teamsTeams togetherTeam positionsShared explorationLock speedFull tech treeHidden civsTurbo modeCheats
Victory
Defeat
🇭🇷 Malians · Croatia
788
+18
🇺🇸 Japanese · United States
744
+19
🇩🇪 Koreans · Germany
834
-19
🇩🇪 Burgundians · Germany
806
-18
Mommy ;D
6:28 Loom
9:34 Feudal Age
10:17 Double-Bit Axe
15:53 Bloodlines
20:55 Wheelbarrow
23:11 Castle Age
Tronfordogs
10:35 Feudal Age
11:12 Double-Bit Axe
14:08 Bloodlines
15:18 Forging
17:39 Scale Barding Armor
22:54 Castle Age
23:17 Light Cavalry
24:55 Iron Casting
24:41 Chain Barding Armor
FitTruckerMike
5:30 Double-Bit Axe
7:34 Horse Collar
11:08 Feudal Age
10:17 Loom
12:38 Bow Saw
16:01 Heavy Plow
17:25 Gold Mining
24:02 Castle Age
22:49 Scale Barding Armor
23:23 Forging
Thorfinn
12:34 Feudal Age
13:04 Double-Bit Axe
14:16 Gold Mining
Connection lost

Rejoining the realm…

Still unreachable

The connection could not be restored.

Session expired

The server has moved on; the page needs a fresh start.